Workbook
Name _1Excel_BuiltIn_Print_Area_1_1_1: 'Прил 1'!$A$1:$C$30
Name _2Excel_BuiltIn_Print_Area_7_1_1: #REF!
Name _2Excel_BuiltIn_Print_Area_7_1_1: #REF!
Name _Toc105952698: 'Прил 2 '!$A$3
Name _Toc105952698: #REF!
Name Excel_BuiltIn_Print_Area_1: 'Прил 1'!$A$1:$C$30
Name Excel_BuiltIn_Print_Area_1_1: 'Прил 1'!$A$1:$C$30
Name Excel_BuiltIn_Print_Area_2: #REF!
Name Excel_BuiltIn_Print_Area_2: #REF!
Name Excel_BuiltIn_Print_Area_3: #REF!
Name Excel_BuiltIn_Print_Area_3_1: #REF!
Name Excel_BuiltIn_Print_Area_3_1: #REF!
Name Excel_BuiltIn_Print_Area_4: #REF!
Name Excel_BuiltIn_Print_Area_4: #REF!
Name Excel_BuiltIn_Print_Area_5: 'Прил 2 '!$A$1:$I$44
Name Excel_BuiltIn_Print_Area_5: #REF!
Name Excel_BuiltIn_Print_Area_5_1: 'Прил 2 '!$A$1:$I$44
Name Excel_BuiltIn_Print_Area_5_1: #REF!
Name Excel_BuiltIn_Print_Area_6: 'Прил 3'!$A$1:$G$45
Name Excel_BuiltIn_Print_Area_6_1: 'Прил 3'!$A$1:$G$45
Name Excel_BuiltIn_Print_Area_7: #REF!
Name Excel_BuiltIn_Print_Area_7: #REF!
Name Excel_BuiltIn_Print_Area_7_1: #REF!
Name Excel_BuiltIn_Print_Area_7_1: #REF!

Sheet Прил 1
D1: Приложение 1
C2: к решению сессии Совета депутатов Большеполянскго сельского поселения "Об исполнении бюджета Большеполянского сельского поселения Кадошкинского муниципального района Республики Мордовия за 2021 год"
A3: ДОХОДЫ БЮДЖЕТА БОЛЬШЕПОЛЯНСКОГО СЕЛЬСКОГО ПОСЕЛЕНИЯ КАДОШКИНСКОГО МУНИЦИПАЛЬНОГО РАЙОНА РЕСПУБЛИКИ МОРДОВИЯ
C4: (тыс.рублей)
A5: Код бюджетной классификации доходов бюджета | B5: Наименование доходов | C5: Сумма
C6: План 2021 год | D6: Исполнение 2021 год | E6: % исполнения
A7: 1 | B7: 2 | C7: 3 | D7: 4 | E7: 5
B8: ВСЕГО ДОХОДОВ | C8: =SUM(C9+C20+C31) -> 1489.88 | D8: =SUM(D9+D20+D31) -> 1289.23 | E8: =D8/C8*100 -> 86.532472
A9: 00010000000000000000 | B9: НАЛОГОВЫЕ И НЕНАЛОГОВЫЕ ДОХОДЫ | C9: =SUM(C10+C13+C15+C17) -> 469.3 | D9: =SUM(D10+D13+D15+D17) -> 359.03 | E9: =D9/C9*100 -> 76.503303
A10: 00010100000000000000 | B10: НАЛОГИ НА ПРИБЫЛЬ, ДОХОДЫ | C10: =SUM(C11) -> 16.8 | D10: =SUM(D11) -> 12.6 | E10: =D10/C10*100 -> 75
A11: 00010102000010000110 | B11: Налог на доходы физических лиц | C11: =SUM(C12) -> 16.8 | D11: =SUM(D12) -> 12.6 | E11: =D11/C11*100 -> 75
A12: 18210102010010000110 | B12: Налог на доходы физических лиц с доходов, источником которых является налоговый агент, за исключением доходов, в отношении которых исчисление и уплата налога осуществляются в соответствии со статьями 227, 2271 и 228 Налогового кодекса Российской Федерации | C12: 16.8 | D12: 12.6 | E12: =D12/C12*100 -> 75
A13: 00010500000000000000 | B13: НАЛОГИ НА СОВОКУПНЫЙ ДОХОД | C13: =SUM(C14) -> 0.5 | D13: =SUM(D14) -> 0.43 | E13: =D13/C13*100 -> 86
A14: 18210503010010000110 | B14: Единый сельскохозяйственный налог | C14: 0.5 | D14: 0.43 | E14: =D14/C14*100 -> 86
A15: 00010600000000000000 | B15: НАЛОГИ НА ИМУЩЕСТВО | C15: =SUM(C16) -> 54 | D15: =SUM(D16) -> 44.8 | E15: =D15/C15*100 -> 82.962963
A16: 18210601030100000110 | B16: Налог на имущество физических лиц, взимаемый по ставкам, применяемым к объектам налогообложения, расположенным в границах сельских поселений | C16: 54 | D16: 44.8 | E16: =D16/C16*100 -> 82.962963
A17: 00010606000000000110 | B17: Земельный налог | C17: =SUM(C18+C19) -> 398 | D17: =SUM(D18+D19) -> 301.2 | E17: =D17/C17*100 -> 75.678392
A18: 18210606033100000110 | B18: Земельный налог с организаций, обладающих земельным участком, расположенным в границах сельских поселений | C18: 218 | D18: 189.5 | E18: =D18/C18*100 -> 86.926606
A19: 18210606043100000110 | B19: Земельный налог с физических лиц, обладающих земельным участком, расположенным в границах сельских поселений | C19: 180 | D19: 111.7 | E19: =D19/C19*100 -> 62.055556
A20: 00020200000000000000 | B20: БЕЗВОЗМЕЗДНЫЕ ПОСТУПЛЕНИЯ ОТ ДРУГИХ БЮДЖЕТОВ БЮДЖЕТНОЙ СИСТЕМЫ РОССИЙСКОЙ ФЕДЕРАЦИИ | C20: =SUM(C26+C29+C21+C24) -> 1010.58 | D20: =SUM(D26+D29+D21+D24) -> 920.2 | E20: =D20/C20*100 -> 91.056621
A21: 00020210000000000150 | B21: Дотации бюджетам бюджетной системы Российской Федерации | C21: =C22+C23 -> 374 | D21: =D22+D23 -> 374 | E21: =D21/C21*100 -> 100
A22: 91120215001100000150 | B22: Дотации бюджетам сельских поселений на выравнивание бюджетной обеспеченности | C22: =180.8+6.6 -> 187.4 | D22: 187.4 | E22: =D22/C22*100 -> 100
A23: 91120215002100000150 | B23: Дотации бюджетам сельских поселений на поддержку мер по обеспечению сбалансированности бюджетов | C23: 186.6 | D23: 186.6 | E23: =D23/C23*100 -> 100
A24: 00020220000000000150 | B24: Субсидии бюджетам бюджетной системы Российской Федерации (межбюджетные субсидии) | C24: =C25 -> 140 | D24: =D25 -> 140 | E24: =D24/C24*100 -> 100
A25: 91120229999100000150 | B25: Прочие субсидии бюджетам сельских поселений | C25: 140 | D25: 140 | E25: =D25/C25*100 -> 100
A26: 00020230000000000150 | B26: Субвенции бюджетам бюджетной системы Российской Федерации | C26: =SUM(C27+C28) -> 86.9 | D26: =SUM(D27+D28) -> 86.9 | E26: =D26/C26*100 -> 100
A27: 91120230024100000150 | B27: Субвенции на осуществление государственных полномочий Республики Мордовия по определению перечня должностных лиц, уполномоченных составлять протоколы об административных правонарушениях, предусмотренных Законом Республики Мордовия от 15 июня 2015 года № 38-З "Об административной ответственности на территории Республики Мордовия" | C27: 0.1 | D27: 0.1 | E27: =D27/C27*100 -> 100
A28: 91120235118100000150 | B28: Субвенции бюджетам сельских поселений на осуществление первичного воинского учета на территориях, где отсутствуют военные комиссариаты | C28: 86.8 | D28: 86.8 | E28: =D28/C28*100 -> 100
A29: 00020240000000000150 | B29: Иные межбюджетные трансферты | C29: =SUM(C30) -> 409.68 | D29: =SUM(D30) -> 319.3 | E29: =D29/C29*100 -> 77.938879
A30: 91120240014100000150 | B30: Межбюджетные трансферты, передаваемые бюджетам сельских поселений из бюджетов муниципальных районов на осуществление части полномочий по решению вопросов местного значения в соответствии с заключенными соглашениями | C30: =307.4+102.28 -> 409.68 | D30: 319.3 | E30: =D30/C30*100 -> 77.938879
A31: 00020700000000000000 | B31: ПРОЧИЕ БЕЗВОЗМЕЗДНЫЕ ПОСТУПЛЕНИЯ | C31: =C32 -> 10 | D31: =D32 -> 10 | E31: =D31/C31*100 -> 100
A32: 91120705030100000150 | B32: Прочие межбюджетные трансферты, передаваемые бюджетам сельских поселений | C32: 10 | D32: 10 | E32: =D32/C32*100 -> 100

Sheet Прил 2 
I1: Приложение 2
I2: к решению сессии Совета депутатов Большеполянскго сельского поселения "Об исполнении бюджета Большеполянского сельского поселения Кадошкинского муниципального района Республики Мордовия за 2021 год"
A3: РАСПРЕДЕЛЕНИЕ БЮДЖЕТНЫХ АССИГНОВАНИЙ БЮДЖЕТА БОЛЬШЕПОЛЯНСКОГО СЕЛЬСКОГО ПОСЕЛЕНИЯ КАДОШКИНСКОГО МУНИЦИПАЛЬНОГО РАЙОНА РЕСПУБЛИКИ МОРДОВИЯ ПО РАЗДЕЛАМ, ПОДРАЗДЕЛАМ, ЦЕЛЕВЫМ СТАТЬЯМ, ГРУППАМ (ГРУППАМ И ПОДГРУППАМ) ВИДОВ РАСХОДОВ КЛАССИФИКАЦИИ РАСХОДОВ БЮДЖЕТОВ НА 2021 ГОД
A4: Наименование | B4: Рз | C4: ПР | D4: ЦСР | H4: ВР | I4: Сумма (тыс. рублей)
I5: План 2021 год | J5: Исполнение 2021 год | K5: % исполнения
A6: 1 | B6: 2 | C6: 3 | D6: 4 | E6: 5 | F6: 6 | G6: 7 | H6: 8 | I6: 9 | J6: 10 | K6: 11
A7: ВСЕГО | I7: =I8+I51+I60+I67+I83+I90 -> 1489.912 | J7: =J8+J51+J60+J67+J83+J90 -> 1276.5 | K7: =J7/I7*100 -> 85.676201
A8: Общегосударственные вопросы | B8: 01 | I8: =I9+I18+I39+I45 -> 837.032 | J8: =J9+J18+J39+J45 -> 739.2 | K8: =J8/I8*100 -> 88.312036
A9: Функционирование высшего должностного лица субъекта Российской Федерации и муниципального образования | B9: 01 | C9: 02 | I9: =I10 -> 343.74 | J9: =J10 -> 319.2 | K9: =J9/I9*100 -> 92.860883
A10: Обеспечение деятельности администрации | B10: 01 | C10: 02 | D10: 65 | I10: =I11 -> 343.74 | J10: =J11 -> 319.2 | K10: =J10/I10*100 -> 92.860883
A11: Высшее должностное лицо | B11: 01 | C11: 02 | D11: 65 | E11: 1 | I11: =I12+I15 -> 343.74 | J11: =J12+J15 -> 319.2 | K11: =J11/I11*100 -> 92.860883
A12: Расходы на выплаты по оплате труда высшего должностного лица | B12: 01 | C12: 02 | D12: 65 | E12: 1 | F12: 00 | G12: 41150 | I12: =I13 -> 277.94 | J12: =J13 -> 256.6 | K12: =J12/I12*100 -> 92.322084
A13: Расходы на выплаты персоналу в целях обеспечения выполнения функций государственными (муниципальными) органами, казенными учреждениями, органами управления государственными внебюджетными фондами | B13: 01 | C13: 02 | D13: 65 | E13: 1 | F13: 00 | G13: 41150 | H13: 100 | I13: =I14 -> 277.94 | J13: =J14 -> 256.6 | K13: =J13/I13*100 -> 92.322084
A14: Расходы на выплаты персоналу государственных (муниципальных) органов | B14: 01 | C14: 02 | D14: 65 | E14: 1 | F14: 00 | G14: 41150 | H14: 120 | I14: ='Прил 3'!J15 -> 277.94 | J14: ='Прил 3'!K15 -> 256.6 | K14: =J14/I14*100 -> 92.322084
A15: Субсидии на софинансирование расходных обязательств по финансовому обеспечению деятельности органов местного самоуправления и муниципальных учреждений | B15: 01 | C15: 02 | D15: 65 | E15: 1 | F15: 00 | G15: 44205 | I15: =I16 -> 65.8 | J15: =J16 -> 62.6 | K15: =J15/I15*100 -> 95.136778
A16: Расходы на выплаты персоналу в целях обеспечения выполнения функций государственными (муниципальными) органами, казенными учреждениями, органами управления государственными внебюджетными фондами | B16: 01 | C16: 02 | D16: 65 | E16: 1 | F16: 00 | G16: 44205 | H16: 100 | I16: =I17 -> 65.8 | J16: =J17 -> 62.6 | K16: =J16/I16*100 -> 95.136778
A17: Расходы на выплаты персоналу государственных (муниципальных) органов | B17: 01 | C17: 02 | D17: 65 | E17: 1 | F17: 00 | G17: 44205 | H17: 120 | I17: ='Прил 3'!J18 -> 65.8 | J17: ='Прил 3'!K18 -> 62.6 | K17: =J17/I17*100 -> 95.136778
A18: Функционирование Правительства Российской Федерации, высших органов исполнительной власти субъектов Российской Федерации, местных администраций | B18: 01 | C18: 04 | I18: =I19+I34 -> 489.292 | J18: =J19+J34 -> 417 | K18: =J18/I18*100 -> 85.225183
A19: Обеспечение деятельности администрации | B19: 01 | C19: 04 | D19: 65 | I19: =I20 -> 489.192 | J19: =J20 -> 416.9 | K19: =J19/I19*100 -> 85.222162
A20: Непрограммные расходы в рамках обеспечения деятельности администрации | B20: 01 | C20: 04 | D20: 65 | E20: 2 | I20: =I21+I24+I29 -> 489.192 | J20: =J21+J24+J29 -> 416.9 | K20: =J20/I20*100 -> 85.222162
A21: Расходы на выплаты по оплате труда работников органов местного самоуправления | B21: 01 | C21: 04 | D21: 65 | E21: 2 | F21: 00 | G21: 41110 | I21: =I22 -> 294.62 | J21: =J22 -> 285.5 | K21: =J21/I21*100 -> 96.904487
A22: Расходы на выплаты персоналу в целях обеспечения выполнения функций государственными (муниципальными) органами, казенными учреждениями, органами управления государственными внебюджетными фондами | B22: 01 | C22: 04 | D22: 65 | E22: 2 | F22: 00 | G22: 41110 | H22: 100 | I22: =I23 -> 294.62 | J22: =J23 -> 285.5 | K22: =J22/I22*100 -> 96.904487
A23: Расходы на выплаты персоналу государственных (муниципальных) органов | B23: 01 | C23: 04 | D23: 65 | E23: 2 | F23: 00 | G23: 41110 | H23: 120 | I23: ='Прил 3'!J24 -> 294.62 | J23: ='Прил 3'!K24 -> 285.5 | K23: =J23/I23*100 -> 96.904487
A24: Расходы на обеспечение функций органов местного самоуправленя | B24: 01 | C24: 04 | D24: 65 | E24: 2 | F24: 00 | G24: 41120 | I24: =I25+I27 -> 120.372 | J24: =J25+J27 -> 71.9 | K24: =J24/I24*100 -> 59.731499
A25: Закупка товаров, работ и услуг для обеспечения государственных (муниципальных) нужд | B25: 01 | C25: 04 | D25: 65 | E25: 2 | F25: 00 | G25: 41120 | H25: 200 | I25: =I26 -> 90.372 | J25: =J26 -> 62.6 | K25: =J25/I25*100 -> 69.269243
A26: Иные закупки товаров, работ и услуг для обеспечения государственных (муниципальных) нужд | B26: 01 | C26: 04 | D26: 65 | E26: 2 | F26: 00 | G26: 41120 | H26: 240 | I26: ='Прил 3'!J27 -> 90.372 | J26: ='Прил 3'!K27 -> 62.6 | K26: =J26/I26*100 -> 69.269243
A27: Иные бюджетные ассигнования | B27: 01 | C27: 04 | D27: 66 | E27: 2 | F27: 00 | G27: 41120 | H27: 800 | I27: =I28 -> 30 | J27: =J28 -> 9.3 | K27: =J27/I27*100 -> 31
A28: Уплата налогов, сборов и иных платежей | B28: 01 | C28: 04 | D28: 66 | E28: 2 | F28: 00 | G28: 41120 | H28: 850 | I28: ='Прил 3'!J29 -> 30 | J28: ='Прил 3'!K29 -> 9.3 | K28: =J28/I28*100 -> 31
A29: Субсидии на софинансирование расходных обязательств по финансовому обеспечению деятельности органов местного самоуправления и муниципальных учреждений | B29: 01 | C29: 04 | D29: 65 | E29: 2 | F29: 00 | G29: 44205 | I29: =I30+I32 -> 74.2 | J29: =J30+J32 -> 59.5 | K29: =J29/I29*100 -> 80.188679
A30: Расходы на выплаты персоналу в целях обеспечения выполнения функций государственными (муниципальными) органами, казенными учреждениями, органами управления государственными внебюджетными фондами | B30: 01 | C30: 04 | D30: 65 | E30: 2 | F30: 00 | G30: 44205 | H30: 100 | I30: =I31 -> 71.6 | J30: =J31 -> 56.9 | K30: =J30/I30*100 -> 79.469274
A31: Расходы на выплаты персоналу государственных (муниципальных) органов | B31: 01 | C31: 04 | D31: 65 | E31: 2 | F31: 00 | G31: 44205 | H31: 120 | I31: ='Прил 3'!J32 -> 71.6 | J31: ='Прил 3'!K32 -> 56.9 | K31: =J31/I31*100 -> 79.469274
A32: Закупка товаров, работ и услуг для обеспечения государственных (муниципальных) нужд | B32: 01 | C32: 04 | D32: 65 | E32: 2 | F32: 00 | G32: 44205 | H32: 200 | I32: =I33 -> 2.6 | J32: =J33 -> 2.6 | K32: =J32/I32*100 -> 100
A33: Иные закупки товаров, работ и услуг для обеспечения государственных (муниципальных) нужд | B33: 01 | C33: 04 | D33: 65 | E33: 2 | F33: 00 | G33: 44205 | H33: 240 | I33: ='Прил 3'!J34 -> 2.6 | J33: ='Прил 3'!K34 -> 2.6 | K33: =J33/I33*100 -> 100
A34: Непрограммные расходы главных распорядителей средств бюджета Большеполянского сельского поселения Кадошкинского муниципального района Республики Мордовия | B34: 01 | C34: 04 | D34: 89 | I34: =I35 -> 0.1 | J34: =J35 -> 0.1 | K34: =J34/I34*100 -> 100
A35: Непрограммные расходы в рамках обеспечения деятельности главных распорядителей средств бюджета Большеполянского сельского поселения Кадошкинского муниципального района Республики Мордовия | B35: 01 | C35: 04 | D35: 89 | E35: 1 | I35: =I36 -> 0.1 | J35: =J36 -> 0.1 | K35: =J35/I35*100 -> 100
A36: Осуществление государственных полномочий Республики Мордовия по определению перечня должностных лиц, уполномоченных составлять протоколы об административных правонарушениях, предусмотренных Законом Республики Мордовия от 15 июня 2015 года № 38-З "Об административной ответственности на территории Республики Мордовия" | B36: 01 | C36: 04 | D36: 89 | E36: 1 | F36: 00 | G36: 77150 | I36: =I37 -> 0.1 | J36: =J37 -> 0.1 | K36: =J36/I36*100 -> 100
A37: Закупка товаров, работ и услуг для обеспечения государственных (муниципальных) нужд | B37: 01 | C37: 04 | D37: 89 | E37: 1 | F37: 00 | G37: 77150 | H37: 200 | I37: =I38 -> 0.1 | J37: =J38 -> 0.1 | K37: =J37/I37*100 -> 100
A38: Иные закупки товаров, работ и услуг для обеспечения государственных (муниципальных) нужд | B38: 01 | C38: 04 | D38: 89 | E38: 1 | F38: 00 | G38: 77150 | H38: 240 | I38: ='Прил 3'!J39 -> 0.1 | J38: ='Прил 3'!K39 -> 0.1 | K38: =J38/I38*100 -> 100
A39: Резервные фонды | B39: 01 | C39: 11 | I39: =I40 -> 1 | J39: =J40 -> 0 | K39: =J39/I39*100 -> 0
A40: Непрограммные расходы главных распорядителей средств бюджета Большеполянского сельского поселения Кадошкинского муниципального района Республики Мордовия | B40: 01 | C40: 11 | D40: 89 | I40: =I41 -> 1 | J40: =J41 -> 0 | K40: =J40/I40*100 -> 0
A41: Непрограммные расходы в рамках обеспечения деятельности главных распорядителей средств бюджета Большеполянского сельского поселения Кадошкинского муниципального района Республики Мордовия | B41: 01 | C41: 11 | D41: 89 | E41: 1 | I41: =I42 -> 1 | J41: =J42 -> 0 | K41: =J41/I41*100 -> 0
A42: Резервный фонд администрации Большеполянского сельского поселения Кадошкинского муниципального района Республики Мордовия | B42: 01 | C42: 11 | D42: 89 | E42: 1 | F42: 00 | G42: 41180 | I42: =I43 -> 1 | J42: =J43 -> 0 | K42: =J42/I42*100 -> 0
A43: Иные бюджетные ассигнования | B43: 01 | C43: 11 | D43: 89 | E43: 1 | F43: 00 | G43: 41180 | H43: 800 | I43: =I44 -> 1 | J43: =J44 -> 0 | K43: =J43/I43*100 -> 0
A44: Резервные средства | B44: 01 | C44: 11 | D44: 89 | E44: 1 | F44: 00 | G44: 41180 | H44: 870 | I44: ='Прил 3'!J45 -> 1 | J44: ='Прил 3'!K45 -> 0 | K44: =J44/I44*100 -> 0
A45: Другие общегосударственные вопросы | B45: 01 | C45: 13 | I45: =I46 -> 3 | J45: =J46 -> 3 | K45: =J45/I45*100 -> 100
A46: Непрограммные расходы главных распорядителей средств бюджета Большеполянского сельского поселения Кадошкинского муниципального района Республики Мордовия | B46: 01 | C46: 13 | D46: 89 | I46: =I47 -> 3 | J46: =J47 -> 3 | K46: =J46/I46*100 -> 100
A47: Непрограммные расходы в рамках обеспечения деятельности главных распорядителей средств бюджета Большеполянского сельского поселения Кадошкинского муниципального района Республики Мордовия | B47: 01 | C47: 13 | D47: 89 | E47: 1 | I47: =I48 -> 3 | J47: =J48 -> 3 | K47: =J47/I47*100 -> 100
A48: Оценка недвижимости, признание прав и регулирование отношений по муниципальной собственности | B48: 01 | C48: 13 | D48: 89 | E48: 1 | F48: 00 | G48: 42200 | I48: =I49 -> 3 | J48: =J49 -> 3 | K48: =J48/I48*100 -> 100
A49: Закупка товаров, работ и услуг для обеспечения государственных (муниципальных) нужд | B49: 01 | C49: 13 | D49: 89 | E49: 1 | F49: 00 | G49: 42200 | H49: 200 | I49: =I50 -> 3 | J49: =J50 -> 3 | K49: =J49/I49*100 -> 100
A50: Иные закупки товаров, работ и услуг для обеспечения государственных (муниципальных) нужд | B50: 01 | C50: 13 | D50: 89 | E50: 1 | F50: 00 | G50: 42200 | H50: 240 | I50: ='Прил 3'!J51 -> 3 | J50: ='Прил 3'!K51 -> 3 | K50: =J50/I50*100 -> 100
A51: Национальная оборона | B51: 02 | I51: =I52 -> 86.8 | J51: =J52 -> 86.8 | K51: =J51/I51*100 -> 100
A52: Мобилизационная и вневойсковая подготовка | B52: 02 | C52: 03 | I52: =I53 -> 86.8 | J52: =J53 -> 86.8 | K52: =J52/I52*100 -> 100
A53: Непрограммные расходы главных распорядителей средств бюджета Большеполянского сельского поселения Кадошкинского муниципального района Республики Мордовия | B53: 02 | C53: 03 | D53: 89 | I53: =I54 -> 86.8 | J53: =J54 -> 86.8 | K53: =J53/I53*100 -> 100
A54: Непрограммные расходы в рамках обеспечения деятельности главных распорядителей средств бюджета Большеполянского сельского поселения Кадошкинского муниципального района Республики Мордовия | B54: 02 | C54: 03 | D54: 89 | E54: 1 | I54: =I55 -> 86.8 | J54: =J55 -> 86.8 | K54: =J54/I54*100 -> 100
A55: Осуществление государственных полномочий Российской Федерации о первичному воинскому учету на территориях, где отсутствуют военные комиссариаты | B55: 02 | C55: 03 | D55: 89 | E55: 1 | F55: 00 | G55: 51180 | I55: =I56+I58 -> 86.8 | J55: =J56+J58 -> 86.8 | K55: =J55/I55*100 -> 100
A56: Расходы на выплаты персоналу в целях обеспечения выполнения функций государственными (муниципальными) органами, казенными учреждениями, органами управления государственными внебюджетными фондами | B56: 02 | C56: 03 | D56: 89 | E56: 1 | F56: 00 | G56: 51180 | H56: 100 | I56: =I57 -> 82.9 | J56: =J57 -> 82.9 | K56: =J56/I56*100 -> 100
A57: Расходы на выплаты персоналу государственных (муниципальных) органов | B57: 02 | C57: 03 | D57: 89 | E57: 1 | F57: 00 | G57: 51180 | H57: 120 | I57: ='Прил 3'!J58 -> 82.9 | J57: ='Прил 3'!K58 -> 82.9 | K57: =J57/I57*100 -> 100
A58: Закупка товаров, работ и услуг для обеспечения государственных (муниципальных) нужд | B58: 02 | C58: 03 | D58: 89 | E58: 1 | F58: 00 | G58: 51180 | H58: 200 | I58: =I59 -> 3.9 | J58: =J59 -> 3.9 | K58: =J58/I58*100 -> 100
A59: Иные закупки товаров, работ и услуг для обеспечения государственных (муниципальных) нужд | B59: 02 | C59: 03 | D59: 89 | E59: 1 | F59: 00 | G59: 51180 | H59: 240 | I59: ='Прил 3'!J60 -> 3.9 | J59: ='Прил 3'!K60 -> 3.9 | K59: =J59/I59*100 -> 100
A60: Национальная экономика | B60: 04 | I60: =I61 -> 307.4 | J60: =J61 -> 217 | K60: =J60/I60*100 -> 70.592062
A61: Дорожное хозяйство (дорожные фонды) | B61: 04 | C61: 09 | I61: =I62 -> 307.4 | J61: =J62 -> 217 | K61: =J61/I61*100 -> 70.592062
A62: Непрограммные расходы главных распорядителей средств бюджета Большеполянского сельского поселения Кадошкинского муниципального района Республики Мордовия | B62: 04 | C62: 09 | D62: 89 | I62: =I63 -> 307.4 | J62: =J63 -> 217 | K62: =J62/I62*100 -> 70.592062
A63: Непрограммные расходы в рамках обеспечения деятельности главных распорядителей средств бюджета Большеполянского сельского поселения Кадошкинского муниципального района Республики Мордовия | B63: 04 | C63: 09 | D63: 89 | E63: 1 | I63: =I64 -> 307.4 | J63: =J64 -> 217 | K63: =J63/I63*100 -> 70.592062
A64: Иные межбюджетные трансферты на осуществление полномочий по дорожной деятельности в отношении автомобильных дорог местного значения в границах населенных пунктов поселения и обеспечению безопасности дорожного движения на них, включая создание и обеспечение функционирования парковок (парковочных мест), осуществлению муниципального контроля за сохранностью автомобильных дорог местного значения в границах населенных пунктов поселения, организации дорожного движения, а также осуществлению иных полномочий в области использования автомобильных дорог и осуществления дорожной деятельности в соответствии с законодательством Российской Федерации | B64: 04 | C64: 09 | D64: 89 | E64: 1 | F64: 00 | G64: 44102 | I64: =I65 -> 307.4 | J64: =J65 -> 217 | K64: =J64/I64*100 -> 70.592062
A65: Закупка товаров, работ и услуг для обеспечения государственных (муниципальных) нужд | B65: 04 | C65: 09 | D65: 89 | E65: 1 | F65: 00 | G65: 44102 | H65: 200 | I65: =I66 -> 307.4 | J65: =J66 -> 217 | K65: =J65/I65*100 -> 70.592062
A66: Иные закупки товаров, работ и услуг для обеспечения государственных (муниципальных) нужд | B66: 04 | C66: 09 | D66: 89 | E66: 1 | F66: 00 | G66: 44102 | H66: 240 | I66: ='Прил 3'!J67 -> 307.4 | J66: ='Прил 3'!K67 -> 217 | K66: =J66/I66*100 -> 70.592062
A67: Жилищно-коммунальное хозяйство | B67: 05 | I67: =I68+I74 -> 188.38 | J67: =J68+J74 -> 171.3 | K67: =J67/I67*100 -> 90.93322
A68: Коммунальное хозяйство | B68: 05 | C68: 02 | I68: =I69 -> 102.28 | J68: =J69 -> 102.3 | K68: =J68/I68*100 -> 100.01955
A69: Непрограммные расходы главных распорядителей средств бюджета Большеполянского сельского поселения Кадошкинского муниципального района Республики Мордовия | B69: 05 | C69: 02 | D69: 89 | I69: =I70 -> 102.28 | J69: =J70 -> 102.3 | K69: =J69/I69*100 -> 100.01955
A70: Непрограммные расходы в рамках обеспечения деятельности главных распорядителей средств бюджета Большеполянского сельского поселения Кадошкинского муниципального района Республики Мордовия | B70: 05 | C70: 02 | D70: 89 | E70: 1 | I70: =I71 -> 102.28 | J70: =J71 -> 102.3 | K70: =J70/I70*100 -> 100.01955
A71: Иные межбюджетные трансферты на осуществление полномочий по организации в границах поселения электро-, тепло-, газо- и водоснабжения населения, водоотведения, снабжения населения топливом в пределах полномочий, установленных законодательством Российской Федерации | B71: 05 | C71: 02 | D71: 89 | E71: 1 | F71: 00 | G71: 44101 | I71: =I72 -> 102.28 | J71: =J72 -> 102.3 | K71: =J71/I71*100 -> 100.01955
A72: Закупка товаров, работ и услуг для обеспечения государственных (муниципальных) нужд | B72: 05 | C72: 02 | D72: 89 | E72: 1 | F72: 00 | G72: 44101 | H72: 200 | I72: =I73 -> 102.28 | J72: =J73 -> 102.3 | K72: =J72/I72*100 -> 100.01955
A73: Иные закупки товаров, работ и услуг для обеспечения государственных (муниципальных) нужд | B73: 05 | C73: 02 | D73: 89 | E73: 1 | F73: 00 | G73: 44101 | H73: 240 | I73: ='Прил 3'!J74 -> 102.28 | J73: ='Прил 3'!K74 -> 102.3 | K73: =J73/I73*100 -> 100.01955
A74: Благоустройство | B74: 05 | C74: 03 | I74: =I75 -> 86.1 | J74: =J75 -> 69 | K74: =J74/I74*100 -> 80.139373
A75: Непрограммные расходы главных распорядителей средств бюджета Большеполянского сельского поселения Кадошкинского муниципального района Республики Мордовия | B75: 05 | C75: 03 | D75: 89 | I75: =I76 -> 86.1 | J75: =J76 -> 69 | K75: =J75/I75*100 -> 80.139373
A76: Непрограммные расходы в рамках обеспечения деятельности главных распорядителей средств бюджета Большеполянского сельского поселения Кадошкинского муниципального района Республики Мордовия | B76: 05 | C76: 03 | D76: 89 | E76: 1 | I76: =I77+I80 -> 86.1 | J76: =J77+J80 -> 69 | K76: =J76/I76*100 -> 80.139373
A77: Уличное освещение | B77: 05 | C77: 03 | D77: 89 | E77: 1 | F77: 00 | G77: 43010 | I77: =I78 -> 86.1 | J77: =J78 -> 69 | K77: =J77/I77*100 -> 80.139373
A78: Закупка товаров, работ и услуг для обеспечения государственных (муниципальных) нужд | B78: 05 | C78: 03 | D78: 89 | E78: 1 | F78: 00 | G78: 43010 | H78: 200 | I78: =I79 -> 86.1 | J78: =J79 -> 69 | K78: =J78/I78*100 -> 80.139373
A79: Иные закупки товаров, работ и услуг для обеспечения государственных (муниципальных) нужд | B79: 05 | C79: 03 | D79: 89 | E79: 1 | F79: 00 | G79: 43010 | H79: 240 | I79: ='Прил 3'!J80 -> 86.1 | J79: ='Прил 3'!K80 -> 69 | K79: =J79/I79*100 -> 80.139373
A80: Прочие мероприятия по благоустройству | B80: 05 | C80: 03 | D80: 89 | E80: 1 | F80: 00 | G80: 43040 | I80: =I81 -> 0 | J80: =J81 -> 0
A81: Закупка товаров, работ и услуг для обеспечения государственных (муниципальных) нужд | B81: 05 | C81: 03 | D81: 89 | E81: 1 | F81: 00 | G81: 43040 | H81: 200 | I81: =I82 -> 0 | J81: =J82 -> 0
A82: Иные закупки товаров, работ и услуг для обеспечения государственных (муниципальных) нужд | B82: 05 | C82: 03 | D82: 89 | E82: 1 | F82: 00 | G82: 43040 | H82: 240 | I82: ='Прил 3'!J83 -> 0 | J82: ='Прил 3'!K83 -> 0
A83: Социальная политика | B83: 10 | I83: =I84 -> 68.8 | J83: =J84 -> 62.2 | K83: =J83/I83*100 -> 90.406977
A84: Пенсионное обеспечение | B84: 10 | C84: 01 | I84: =I85 -> 68.8 | J84: =J85 -> 62.2 | K84: =J84/I84*100 -> 90.406977
A85: Непрограммные расходы главных распорядителей средств бюджета Большеполянского сельского поселения Кадошкинского муниципального района Республики Мордовия | B85: 10 | C85: 01 | D85: 89 | I85: =I86 -> 68.8 | J85: =J86 -> 62.2 | K85: =J85/I85*100 -> 90.406977
A86: Непрограммные расходы в рамках обеспечения деятельности главных распорядителей средств бюджета Большеполянского сельского поселения Кадошкинского муниципального района Республики Мордовия | B86: 10 | C86: 01 | D86: 89 | E86: 1 | I86: =I87 -> 68.8 | J86: =J87 -> 62.2 | K86: =J86/I86*100 -> 90.406977
A87: Доплаты к пенсиям муниципальных служащих Республики Мордовия | B87: 10 | C87: 01 | D87: 89 | E87: 1 | F87: 00 | G87: 03010 | I87: =I88 -> 68.8 | J87: =J88 -> 62.2 | K87: =J87/I87*100 -> 90.406977
A88: Социальное обеспечение и иные выплаты населению | B88: 10 | C88: 01 | D88: 89 | E88: 1 | F88: 00 | G88: 03010 | H88: 300 | I88: =I89 -> 68.8 | J88: =J89 -> 62.2 | K88: =J88/I88*100 -> 90.406977
A89: Публичные нормативные социальные выплаты гражданам | B89: 10 | C89: 01 | D89: 89 | E89: 1 | F89: 00 | G89: 03010 | H89: 310 | I89: ='Прил 3'!J90 -> 68.8 | J89: ='Прил 3'!K90 -> 62.2 | K89: =J89/I89*100 -> 90.406977
A90: Обслуживание государственного и муниципального долга | B90: 13 | I90: =I91 -> 1.5 | J90: =J91 -> 0 | K90: =J90/I90*100 -> 0
A91: Обслуживание государственного внутреннего и муниципального долга | B91: 13 | C91: 01 | I91: =I92 -> 1.5 | J91: =J92 -> 0 | K91: =J91/I91*100 -> 0
A92: Непрограммные расходы главных распорядителей средств бюджета Большеполянского сельского поселения Кадошкинского муниципального района Республики Мордовия | B92: 13 | C92: 01 | D92: 89 | E92: 0 | I92: =I93 -> 1.5 | J92: =J93 -> 0 | K92: =J92/I92*100 -> 0
A93: Непрограммные расходы в рамках обеспечения деятельности главных распорядителей средств бюджета Большеполянского сельского поселения Кадошкинского муниципального района Республики Мордовия | B93: 13 | C93: 01 | D93: 89 | E93: 1 | I93: =I94 -> 1.5 | J93: =J94 -> 0 | K93: =J93/I93*100 -> 0
A94: Процентные платежи по муниципальному долгу | B94: 13 | C94: 01 | D94: 89 | E94: 1 | F94: 00 | G94: 41240 | I94: =I95 -> 1.5 | J94: =J95 -> 0 | K94: =J94/I94*100 -> 0
A95: Обслуживание государственного (муниципального) долга | B95: 13 | C95: 01 | D95: 89 | E95: 1 | F95: 00 | G95: 41240 | H95: 700 | I95: =I96 -> 1.5 | J95: =J96 -> 0 | K95: =J95/I95*100 -> 0
A96: Обслуживание муниципального долга | B96: 13 | C96: 01 | D96: 89 | E96: 1 | F96: 00 | G96: 41240 | H96: 730 | I96: ='Прил 3'!J97 -> 1.5 | J96: ='Прил 3'!K97 -> 0 | K96: =J96/I96*100 -> 0

Sheet Прил 3
H1: Приложение 3
J2: к решению сессии Совета депутатов Большеполянскго сельского поселения "Об исполнении бюджета Большеполянского сельского поселения Кадошкинского муниципального района Республики Мордовия за 2021 год"
A3: ВЕДОМСТВЕННАЯ СТРУКТУРА РАСХОДОВ БЮДЖЕТА БОЛЬШЕПОЛЯНСКОГО СЕЛЬСКОГО ПОСЕЛЕНИЯ КАДОШКИНСКОГО МУНИЦИПАЛЬНОГО РАЙОНА РЕСПУБЛИКИ МОРДОВИЯ НА 2021 ГОД
A4: Наименование | B4: Адм | C4: Рз | D4: ПРз | E4: ЦСР | I4: ВР | J4: Сумма (тыс. рублей)
J5: План 2021 год | K5: Исполнение 2021 год | L5: % исполнения
A6: 1 | B6: 2 | C6: 3 | D6: 4 | E6: 5 | F6: 6 | G6: 7 | H6: 8 | I6: 9 | J6: 10 | K6: 11 | L6: 12
A7: ВСЕГО | J7: =J8 -> 1489.912 | K7: =K8 -> 1276.5 | L7: =K7/J7*100 -> 85.676201
A8: Администрация Большеполянского сельского поселения Кадошкинского муниципального района Республики Мордовия | B8: 911 | J8: =J9+J52+J61+J68+J84+J91 -> 1489.912 | K8: =K9+K52+K61+K68+K84+K91 -> 1276.5 | L8: =K8/J8*100 -> 85.676201
A9: Общегосударственные вопросы | B9: 911 | C9: 01 | J9: =J10+J19+J40+J46 -> 837.032 | K9: =K10+K19+K40+K46 -> 739.2 | L9: =K9/J9*100 -> 88.312036
A10: Функционирование высшего должностного лица субъекта Российской Федерации и муниципального образования | B10: 911 | C10: 01 | D10: 02 | J10: =J11 -> 343.74 | K10: =K11 -> 319.2 | L10: =K10/J10*100 -> 92.860883
A11: Обеспечение деятельности администрации | B11: 911 | C11: 01 | D11: 02 | E11: 65 | J11: =J12 -> 343.74 | K11: =K12 -> 319.2 | L11: =K11/J11*100 -> 92.860883
A12: Высшее должностное лицо | B12: 911 | C12: 01 | D12: 02 | E12: 65 | F12: 1 | J12: =J13+J16 -> 343.74 | K12: =K13+K16 -> 319.2 | L12: =K12/J12*100 -> 92.860883
A13: Расходы на выплаты по оплате труда высшего должностного лица | B13: 911 | C13: 01 | D13: 02 | E13: 65 | F13: 1 | G13: 00 | H13: 41150 | J13: =J14 -> 277.94 | K13: =K14 -> 256.6 | L13: =K13/J13*100 -> 92.322084
A14: Расходы на выплаты персоналу в целях обеспечения выполнения функций государственными (муниципальными) органами, казенными учреждениями, органами управления государственными внебюджетными фондами | B14: 911 | C14: 01 | D14: 02 | E14: 65 | F14: 1 | G14: 00 | H14: 41150 | I14: 100 | J14: =J15 -> 277.94 | K14: =K15 -> 256.6 | L14: =K14/J14*100 -> 92.322084
A15: Расходы на выплаты персоналу государственных (муниципальных) органов | B15: 911 | C15: 01 | D15: 02 | E15: 65 | F15: 1 | G15: 00 | H15: 41150 | I15: 120 | J15: =258.04+19.9 -> 277.94 | K15: 256.6 | L15: =K15/J15*100 -> 92.322084
A16: Субсидии на софинансирование расходных обязательств по финансовому обеспечению деятельности органов местного самоуправления и муниципальных учреждений | B16: 911 | C16: 01 | D16: 02 | E16: 65 | F16: 1 | G16: 00 | H16: 44205 | J16: =J17 -> 65.8 | K16: =K17 -> 62.6 | L16: =K16/J16*100 -> 95.136778
A17: Расходы на выплаты персоналу в целях обеспечения выполнения функций государственными (муниципальными) органами, казенными учреждениями, органами управления государственными внебюджетными фондами | B17: 911 | C17: 01 | D17: 02 | E17: 65 | F17: 1 | G17: 00 | H17: 44205 | I17: 100 | J17: =J18 -> 65.8 | K17: =K18 -> 62.6 | L17: =K17/J17*100 -> 95.136778
A18: Расходы на выплаты персоналу государственных (муниципальных) органов | B18: 911 | C18: 01 | D18: 02 | E18: 65 | F18: 1 | G18: 00 | H18: 44205 | I18: 120 | J18: 65.8 | K18: 62.6 | L18: =K18/J18*100 -> 95.136778
A19: Функционирование Правительства Российской Федерации, высших органов исполнительной власти субъектов Российской Федерации, местных администраций | B19: 911 | C19: 01 | D19: 04 | J19: =J20+J35 -> 489.292 | K19: =K20+K35 -> 417 | L19: =K19/J19*100 -> 85.225183
A20: Обеспечение деятельности администрации | B20: 911 | C20: 01 | D20: 04 | E20: 65 | J20: =J21 -> 489.192 | K20: =K21 -> 416.9 | L20: =K20/J20*100 -> 85.222162
A21: Непрограммные расходы в рамках обеспечения деятельности администрации | B21: 911 | C21: 01 | D21: 04 | E21: 65 | F21: 2 | J21: =J23+J25+J30 -> 489.192 | K21: =K23+K25+K30 -> 416.9 | L21: =K21/J21*100 -> 85.222162
A22: Расходы на выплаты по оплате труда работников органов местного самоуправления | B22: 911 | C22: 01 | D22: 04 | E22: 65 | F22: 2 | G22: 00 | H22: 41110 | J22: =J23 -> 294.62 | K22: =K23 -> 285.5 | L22: =K22/J22*100 -> 96.904487
A23: Расходы на выплаты персоналу в целях обеспечения выполнения функций государственными (муниципальными) органами, казенными учреждениями, органами управления государственными внебюджетными фондами | B23: 911 | C23: 01 | D23: 04 | E23: 65 | F23: 2 | G23: 00 | H23: 41110 | I23: 100 | J23: =J24 -> 294.62 | K23: =K24 -> 285.5 | L23: =K23/J23*100 -> 96.904487
A24: Расходы на выплаты персоналу государственных (муниципальных) органов | B24: 911 | C24: 01 | D24: 04 | E24: 65 | F24: 2 | G24: 00 | H24: 41110 | I24: 120 | J24: =274.72+19.9 -> 294.62 | K24: 285.5 | L24: =K24/J24*100 -> 96.904487
A25: Расходы на обеспечение функций органов местного самоуправленя | B25: 911 | C25: 01 | D25: 04 | E25: 65 | F25: 2 | G25: 00 | H25: 41120 | J25: =J26+J28 -> 120.372 | K25: =K26+K28 -> 71.9 | L25: =K25/J25*100 -> 59.731499
A26: Закупка товаров, работ и услуг для обеспечения государственных (муниципальных) нужд | B26: 911 | C26: 01 | D26: 04 | E26: 65 | F26: 2 | G26: 00 | H26: 41120 | I26: 200 | J26: =J27 -> 90.372 | K26: =K27 -> 62.6 | L26: =K26/J26*100 -> 69.269243
A27: Иные закупки товаров, работ и услуг для обеспечения государственных (муниципальных) нужд | B27: 911 | C27: 01 | D27: 04 | E27: 65 | F27: 2 | G27: 00 | H27: 41120 | I27: 240 | J27: 90.372 | K27: 62.6 | L27: =K27/J27*100 -> 69.269243
A28: Иные бюджетные ассигнования | B28: 911 | C28: 01 | D28: 04 | E28: 65 | F28: 2 | G28: 00 | H28: 41120 | I28: 800 | J28: =J29 -> 30 | K28: =K29 -> 9.3 | L28: =K28/J28*100 -> 31
A29: Уплата налогов, сборов и иных платежей | B29: 911 | C29: 01 | D29: 04 | E29: 65 | F29: 2 | G29: 00 | H29: 41120 | I29: 850 | J29: 30 | K29: 9.3 | L29: =K29/J29*100 -> 31
A30: Субсидии на софинансирование расходных обязательств по финансовому обеспечению деятельности органов местного самоуправления и муниципальных учреждений | B30: 911 | C30: 01 | D30: 04 | E30: 65 | F30: 2 | G30: 00 | H30: 44205 | J30: =J31+J33 -> 74.2 | K30: =K31+K33 -> 59.5 | L30: =K30/J30*100 -> 80.188679
A31: Расходы на выплаты персоналу в целях обеспечения выполнения функций государственными (муниципальными) органами, казенными учреждениями, органами управления государственными внебюджетными фондами | B31: 911 | C31: 01 | D31: 04 | E31: 65 | F31: 2 | G31: 00 | H31: 44205 | I31: 100 | J31: =J32 -> 71.6 | K31: =K32 -> 56.9 | L31: =K31/J31*100 -> 79.469274
A32: Расходы на выплаты персоналу государственных (муниципальных) органов | B32: 911 | C32: 01 | D32: 04 | E32: 65 | F32: 2 | G32: 00 | H32: 44205 | I32: 120 | J32: 71.6 | K32: 56.9 | L32: =K32/J32*100 -> 79.469274
A33: Закупка товаров, работ и услуг для обеспечения государственных (муниципальных) нужд | B33: 911 | C33: 01 | D33: 04 | E33: 65 | F33: 2 | G33: 00 | H33: 44205 | I33: 200 | J33: =J34 -> 2.6 | K33: =K34 -> 2.6 | L33: =K33/J33*100 -> 100
A34: Иные закупки товаров, работ и услуг для обеспечения государственных (муниципальных) нужд | B34: 911 | C34: 01 | D34: 04 | E34: 65 | F34: 2 | G34: 00 | H34: 44205 | I34: 240 | J34: 2.6 | K34: 2.6 | L34: =K34/J34*100 -> 100
A35: Непрограммные расходы главных распорядителей средств бюджета Большеполянского сельского поселения Кадошкинского муниципального района Республики Мордовия | B35: 911 | C35: 01 | D35: 04 | E35: 89 | J35: =J36 -> 0.1 | K35: =K36 -> 0.1 | L35: =K35/J35*100 -> 100
A36: Непрограммные расходы в рамках обеспечения деятельности главных распорядителей средств бюджета Большеполянского сельского поселения Кадошкинского муниципального района Республики Мордовия | B36: 911 | C36: 01 | D36: 04 | E36: 89 | F36: 1 | J36: =J37 -> 0.1 | K36: =K37 -> 0.1 | L36: =K36/J36*100 -> 100
A37: Осуществление государственных полномочий Республики Мордовия по определению перечня должностных лиц, уполномоченных составлять протоколы об административных правонарушениях, предусмотренных Законом Республики Мордовия от 15 июня 2015 года № 38-З "Об административной ответственности на территории Республики Мордовия" | B37: 911 | C37: 01 | D37: 04 | E37: 89 | F37: 1 | G37: 00 | H37: 77150 | J37: =J38 -> 0.1 | K37: =K38 -> 0.1 | L37: =K37/J37*100 -> 100
A38: Закупка товаров, работ и услуг для обеспечения государственных (муниципальных) нужд | B38: 911 | C38: 01 | D38: 04 | E38: 89 | F38: 1 | G38: 00 | H38: 77150 | I38: 200 | J38: =J39 -> 0.1 | K38: =K39 -> 0.1 | L38: =K38/J38*100 -> 100
A39: Иные закупки товаров, работ и услуг для обеспечения государственных (муниципальных) нужд | B39: 911 | C39: 01 | D39: 04 | E39: 89 | F39: 1 | G39: 00 | H39: 77150 | I39: 240 | J39: 0.1 | K39: 0.1 | L39: =K39/J39*100 -> 100
A40: Резервные фонды | B40: 911 | C40: 01 | D40: 11 | J40: =J41 -> 1 | K40: =K41 -> 0 | L40: =K40/J40*100 -> 0
A41: Непрограммные расходы главных распорядителей средств бюджета Большеполянского сельского поселения Кадошкинского муниципального района Республики Мордовия | B41: 911 | C41: 01 | D41: 11 | E41: 89 | J41: =J42 -> 1 | K41: =K42 -> 0 | L41: =K41/J41*100 -> 0
A42: Непрограммные расходы в рамках обеспечения деятельности главных распорядителей средств бюджета Большеполянского сельского поселения Кадошкинского муниципального района Республики Мордовия | B42: 911 | C42: 01 | D42: 11 | E42: 89 | F42: 1 | J42: =J43 -> 1 | K42: =K43 -> 0 | L42: =K42/J42*100 -> 0
A43: Резервный фонд администрации Большеполянского сельского поселения Кадошкинского муниципального района Республики Мордовия | B43: 911 | C43: 01 | D43: 11 | E43: 89 | F43: 1 | G43: 00 | H43: 41180 | J43: =J44 -> 1 | K43: =K44 -> 0 | L43: =K43/J43*100 -> 0
A44: Иные бюджетные ассигнования | B44: 911 | C44: 01 | D44: 11 | E44: 89 | F44: 1 | G44: 00 | H44: 41180 | I44: 800 | J44: =J45 -> 1 | K44: =K45 -> 0 | L44: =K44/J44*100 -> 0
A45: Резервные средства | B45: 911 | C45: 01 | D45: 11 | E45: 89 | F45: 1 | G45: 00 | H45: 41180 | I45: 870 | J45: 1 | K45: 0 | L45: =K45/J45*100 -> 0
A46: Другие общегосударственные вопросы | B46: 911 | C46: 01 | D46: 13 | J46: =J47 -> 3 | K46: =K47 -> 3 | L46: =K46/J46*100 -> 100
A47: Непрограммные расходы главных распорядителей средств бюджета Большеполянского сельского поселения Кадошкинского муниципального района Республики Мордовия | B47: 911 | C47: 01 | D47: 13 | E47: 89 | J47: =J48 -> 3 | K47: =K48 -> 3 | L47: =K47/J47*100 -> 100
A48: Непрограммные расходы в рамках обеспечения деятельности главных распорядителей средств бюджета Большеполянского сельского поселения Кадошкинского муниципального района Республики Мордовия | B48: 911 | C48: 01 | D48: 13 | E48: 89 | F48: 1 | J48: =J49 -> 3 | K48: =K49 -> 3 | L48: =K48/J48*100 -> 100
A49: Оценка недвижимости, признание прав и регулирование отношений по муниципальной собственности | B49: 911 | C49: 01 | D49: 13 | E49: 89 | F49: 1 | G49: 00 | H49: 42200 | J49: =J50 -> 3 | K49: =K50 -> 3 | L49: =K49/J49*100 -> 100
A50: Закупка товаров, работ и услуг для обеспечения государственных (муниципальных) нужд | B50: 911 | C50: 01 | D50: 13 | E50: 89 | F50: 1 | G50: 00 | H50: 42200 | I50: 200 | J50: =J51 -> 3 | K50: =K51 -> 3 | L50: =K50/J50*100 -> 100
A51: Иные закупки товаров, работ и услуг для обеспечения государственных (муниципальных) нужд | B51: 911 | C51: 01 | D51: 13 | E51: 89 | F51: 1 | G51: 00 | H51: 42200 | I51: 240 | J51: 3 | K51: 3 | L51: =K51/J51*100 -> 100
A52: Национальная оборона | B52: 911 | C52: 02 | J52: =J53 -> 86.8 | K52: =K53 -> 86.8 | L52: =K52/J52*100 -> 100
A53: Мобилизационная и вневойсковая подготовка | B53: 911 | C53: 02 | D53: 03 | J53: =J56 -> 86.8 | K53: =K56 -> 86.8 | L53: =K53/J53*100 -> 100
A54: Непрограммные расходы главных распорядителей средств бюджета Большеполянского сельского поселения Кадошкинского муниципального района Республики Мордовия | B54: 911 | C54: 02 | D54: 03 | E54: 89 | J54: =J55 -> 86.8 | K54: =K55 -> 86.8 | L54: =K54/J54*100 -> 100
A55: Непрограммные расходы в рамках обеспечения деятельности главных распорядителей средств бюджета Большеполянского сельского поселения Кадошкинского муниципального района Республики Мордовия | B55: 911 | C55: 02 | D55: 03 | E55: 89 | F55: 1 | J55: =J56 -> 86.8 | K55: =K56 -> 86.8 | L55: =K55/J55*100 -> 100
A56: Осуществление государственных полномочий Российской Федерации о первичному воинскому учету на территориях, где отсутствуют военные комиссариаты | B56: 911 | C56: 02 | D56: 03 | E56: 89 | F56: 1 | G56: 00 | H56: 51180 | J56: =J57+J59 -> 86.8 | K56: =K57+K59 -> 86.8 | L56: =K56/J56*100 -> 100
A57: Расходы на выплаты персоналу в целях обеспечения выполнения функций государственными (муниципальными) органами, казенными учреждениями, органами управления государственными внебюджетными фондами | B57: 911 | C57: 02 | D57: 03 | E57: 89 | F57: 1 | G57: 00 | H57: 51180 | I57: 100 | J57: =J58 -> 82.9 | K57: =K58 -> 82.9 | L57: =K57/J57*100 -> 100
A58: Расходы на выплаты персоналу государственных (муниципальных) органов | B58: 911 | C58: 02 | D58: 03 | E58: 89 | F58: 1 | G58: 00 | H58: 51180 | I58: 120 | J58: 82.9 | K58: 82.9 | L58: =K58/J58*100 -> 100
A59: Закупка товаров, работ и услуг для обеспечения государственных (муниципальных) нужд | B59: 911 | C59: 02 | D59: 03 | E59: 89 | F59: 1 | G59: 00 | H59: 51180 | I59: 200 | J59: =J60 -> 3.9 | K59: =K60 -> 3.9 | L59: =K59/J59*100 -> 100
A60: Иные закупки товаров, работ и услуг для обеспечения государственных (муниципальных) нужд | B60: 911 | C60: 02 | D60: 03 | E60: 89 | F60: 1 | G60: 00 | H60: 51180 | I60: 240 | J60: 3.9 | K60: 3.9 | L60: =K60/J60*100 -> 100
A61: Национальная экономика | B61: 911 | C61: 04 | J61: =J62 -> 307.4 | K61: =K62 -> 217 | L61: =K61/J61*100 -> 70.592062
A62: Дорожное хозяйство (дорожные фонды) | B62: 911 | C62: 04 | D62: 09 | J62: =J63 -> 307.4 | K62: =K63 -> 217 | L62: =K62/J62*100 -> 70.592062
A63: Непрограммные расходы главных распорядителей средств бюджета Большеполянского сельского поселения Кадошкинского муниципального района Республики Мордовия | B63: 911 | C63: 04 | D63: 09 | E63: 89 | J63: =J64 -> 307.4 | K63: =K64 -> 217 | L63: =K63/J63*100 -> 70.592062
A64: Непрограммные расходы в рамках обеспечения деятельности главных распорядителей средств бюджета Большеполянского сельского поселения Кадошкинского муниципального района Республики Мордовия | B64: 911 | C64: 04 | D64: 09 | E64: 89 | F64: 1 | J64: =J65 -> 307.4 | K64: =K65 -> 217 | L64: =K64/J64*100 -> 70.592062
A65: Иные межбюджетные трансферты на осуществление полномочий по дорожной деятельности в отношении автомобильных дорог местного значения в границах населенных пунктов поселения и обеспечению безопасности дорожного движения на них, включая создание и обеспечение функционирования парковок (парковочных мест), осуществлению муниципального контроля за сохранностью автомобильных дорог местного значения в границах населенных пунктов поселения, организации дорожного движения, а также осуществлению иных полномочий в области использования автомобильных дорог и осуществления дорожной деятельности в соответствии с законодательством Российской Федерации | B65: 911 | C65: 04 | D65: 09 | E65: 89 | F65: 1 | G65: 00 | H65: 44102 | J65: =J66 -> 307.4 | K65: =K66 -> 217 | L65: =K65/J65*100 -> 70.592062
A66: Закупка товаров, работ и услуг для обеспечения государственных (муниципальных) нужд | B66: 911 | C66: 04 | D66: 09 | E66: 89 | F66: 1 | G66: 00 | H66: 44102 | I66: 200 | J66: =J67 -> 307.4 | K66: =K67 -> 217 | L66: =K66/J66*100 -> 70.592062
A67: Иные закупки товаров, работ и услуг для обеспечения государственных (муниципальных) нужд | B67: 911 | C67: 04 | D67: 09 | E67: 89 | F67: 1 | G67: 00 | H67: 44102 | I67: 240 | J67: 307.4 | K67: 217 | L67: =K67/J67*100 -> 70.592062
A68: Жилищно-коммунальное хозяйство | B68: 911 | C68: 05 | J68: =J69+J75 -> 188.38 | K68: =K69+K75 -> 171.3 | L68: =K68/J68*100 -> 90.93322
A69: Коммунальное хозяйство | B69: 911 | C69: 05 | D69: 02 | J69: =J70 -> 102.28 | K69: =K70 -> 102.3 | L69: =K69/J69*100 -> 100.01955
A70: Непрограммные расходы главных распорядителей средств бюджета Большеполянского сельского поселения Кадошкинского муниципального района Республики Мордовия | B70: 911 | C70: 05 | D70: 02 | E70: 89 | J70: =J71 -> 102.28 | K70: =K71 -> 102.3 | L70: =K70/J70*100 -> 100.01955
A71: Непрограммные расходы в рамках обеспечения деятельности главных распорядителей средств бюджета Большеполянского сельского поселения Кадошкинского муниципального района Республики Мордовия | B71: 911 | C71: 05 | D71: 02 | E71: 89 | F71: 1 | J71: =J72 -> 102.28 | K71: =K72 -> 102.3 | L71: =K71/J71*100 -> 100.01955
A72: Иные межбюджетные трансферты на осуществление полномочий по организации в границах поселения электро-, тепло-, газо- и водоснабжения населения, водоотведения, снабжения населения топливом в пределах полномочий, установленных законодательством Российской Федерации | B72: 911 | C72: 05 | D72: 02 | E72: 89 | F72: 1 | G72: 00 | H72: 44101 | J72: =J73 -> 102.28 | K72: =K73 -> 102.3 | L72: =K72/J72*100 -> 100.01955
A73: Закупка товаров, работ и услуг для обеспечения государственных (муниципальных) нужд | B73: 911 | C73: 05 | D73: 02 | E73: 89 | F73: 1 | G73: 00 | H73: 44101 | I73: 200 | J73: =J74 -> 102.28 | K73: =K74 -> 102.3 | L73: =K73/J73*100 -> 100.01955
A74: Иные закупки товаров, работ и услуг для обеспечения государственных (муниципальных) нужд | B74: 911 | C74: 05 | D74: 02 | E74: 89 | F74: 1 | G74: 00 | H74: 44101 | I74: 240 | J74: 102.28 | K74: 102.3 | L74: =K74/J74*100 -> 100.01955 | M74: 30
A75: Благоустройство | B75: 911 | C75: 05 | D75: 03 | J75: =J76 -> 86.1 | K75: =K76 -> 69 | L75: =K75/J75*100 -> 80.139373
A76: Непрограммные расходы главных распорядителей средств бюджета Большеполянского сельского поселения Кадошкинского муниципального района Республики Мордовия | B76: 911 | C76: 05 | D76: 03 | E76: 89 | J76: =J77 -> 86.1 | K76: =K77 -> 69 | L76: =K76/J76*100 -> 80.139373
A77: Непрограммные расходы в рамках обеспечения деятельности главных распорядителей средств бюджета Большеполянского сельского поселения Кадошкинского муниципального района Республики Мордовия | B77: 911 | C77: 05 | D77: 03 | E77: 89 | F77: 1 | J77: =J78+J81 -> 86.1 | K77: =K78+K81 -> 69 | L77: =K77/J77*100 -> 80.139373
A78: Уличное освещение | B78: 911 | C78: 05 | D78: 03 | E78: 89 | F78: 1 | G78: 00 | H78: 43010 | J78: =J79 -> 86.1 | K78: =K79 -> 69 | L78: =K78/J78*100 -> 80.139373
A79: Закупка товаров, работ и услуг для обеспечения государственных (муниципальных) нужд | B79: 911 | C79: 05 | D79: 03 | E79: 89 | F79: 1 | G79: 00 | H79: 43010 | I79: 200 | J79: =J80 -> 86.1 | K79: =K80 -> 69 | L79: =K79/J79*100 -> 80.139373
A80: Иные закупки товаров, работ и услуг для обеспечения государственных (муниципальных) нужд | B80: 911 | C80: 05 | D80: 03 | E80: 89 | F80: 1 | G80: 00 | H80: 43010 | I80: 240 | J80: 86.1 | K80: 69 | L80: =K80/J80*100 -> 80.139373
A81: Прочие мероприятия по благоустройству | B81: 911 | C81: 05 | D81: 03 | E81: 89 | F81: 1 | G81: 00 | H81: 43040 | J81: =J82 -> 0 | K81: =K82 -> 0
A82: Закупка товаров, работ и услуг для обеспечения государственных (муниципальных) нужд | B82: 911 | C82: 05 | D82: 03 | E82: 89 | F82: 1 | G82: 00 | H82: 43040 | I82: 200 | J82: =J83 -> 0 | K82: =K83 -> 0
A83: Иные закупки товаров, работ и услуг для обеспечения государственных (муниципальных) нужд | B83: 911 | C83: 05 | D83: 03 | E83: 89 | F83: 1 | G83: 00 | H83: 43040 | I83: 240 | J83: 0 | K83: 0
A84: Социальная политика | B84: 911 | C84: 10 | J84: =J85 -> 68.8 | K84: =K85 -> 62.2 | L84: =K84/J84*100 -> 90.406977
A85: Пенсионное обеспечение | B85: 911 | C85: 10 | D85: 01 | J85: =J86 -> 68.8 | K85: =K86 -> 62.2 | L85: =K85/J85*100 -> 90.406977
A86: Непрограммные расходы главных распорядителей средств бюджета Большеполянского сельского поселения Кадошкинского муниципального района Республики Мордовия | B86: 911 | C86: 10 | D86: 01 | E86: 89 | J86: =J87 -> 68.8 | K86: =K87 -> 62.2 | L86: =K86/J86*100 -> 90.406977
A87: Непрограммные расходы в рамках обеспечения деятельности главных распорядителей средств бюджета Большеполянского сельского поселения Кадошкинского муниципального района Республики Мордовия | B87: 911 | C87: 10 | D87: 01 | E87: 89 | F87: 1 | J87: =J88 -> 68.8 | K87: =K88 -> 62.2 | L87: =K87/J87*100 -> 90.406977
A88: Доплаты к пенсиям муниципальных служащих Республики Мордовия | B88: 911 | C88: 10 | D88: 01 | E88: 89 | F88: 1 | G88: 00 | H88: 03010 | J88: =J89 -> 68.8 | K88: =K89 -> 62.2 | L88: =K88/J88*100 -> 90.406977
A89: Социальное обеспечение и иные выплаты населению | B89: 911 | C89: 10 | D89: 01 | E89: 89 | F89: 1 | G89: 00 | H89: 03010 | I89: 300 | J89: =J90 -> 68.8 | K89: =K90 -> 62.2 | L89: =K89/J89*100 -> 90.406977
A90: Публичные нормативные социальные выплаты гражданам | B90: 911 | C90: 10 | D90: 01 | E90: 89 | F90: 1 | G90: 00 | H90: 03010 | I90: 310 | J90: 68.8 | K90: 62.2 | L90: =K90/J90*100 -> 90.406977
A91: Обслуживание государственного и муниципального долга | B91: 911 | C91: 13 | J91: =J92 -> 1.5 | K91: =K92 -> 0 | L91: =K91/J91*100 -> 0
A92: Обслуживание государственного внутреннего и муниципального долга | B92: 911 | C92: 13 | D92: 01 | J92: =J93 -> 1.5 | K92: =K93 -> 0 | L92: =K92/J92*100 -> 0
A93: Непрограммные расходы главных распорядителей средств бюджета Большеполянского сельского поселения Кадошкинского муниципального района Республики Мордовия | B93: 911 | C93: 13 | D93: 01 | E93: 89 | J93: =J94 -> 1.5 | K93: =K94 -> 0 | L93: =K93/J93*100 -> 0
A94: Непрограммные расходы в рамках обеспечения деятельности главных распорядителей средств бюджета Большеполянского сельского поселения Кадошкинского муниципального района Республики Мордовия | B94: 911 | C94: 13 | D94: 01 | E94: 89 | F94: 1 | J94: =J95 -> 1.5 | K94: =K95 -> 0 | L94: =K94/J94*100 -> 0
A95: Процентные платежи по муниципальному долгу | B95: 911 | C95: 13 | D95: 01 | E95: 89 | F95: 1 | G95: 00 | H95: 41240 | J95: =J96 -> 1.5 | K95: =K96 -> 0 | L95: =K95/J95*100 -> 0
A96: Обслуживание государственного (муниципального) долга | B96: 911 | C96: 13 | D96: 01 | E96: 89 | F96: 1 | G96: 00 | H96: 41240 | I96: 700 | J96: =J97 -> 1.5 | K96: =K97 -> 0 | L96: =K96/J96*100 -> 0
A97: Обслуживание муниципального долга | B97: 911 | C97: 13 | D97: 01 | E97: 89 | F97: 1 | G97: 00 | H97: 41240 | I97: 730 | J97: 1.5 | K97: 0 | L97: =K97/J97*100 -> 0

Sheet Прил 4
D1: Приложение 4
C2: к решению сессии Совета депутатов Большеполянскго сельского поселения "Об исполнении бюджета Большеполянского сельского поселения Кадошкинского муниципального района Республики Мордовия за 2021 год"
A3: ИСТОЧНИКИ ВНУТРЕННЕГО ФИНАНСИРОВАНИЯ ДЕФИЦИТА БЮДЖЕТА БОЛЬШЕПОЛЯНСКОГО СЕЛЬСКОГО ПОСЕЛЕНИЯ КАДОШКИНСКОГО МУНИЦИПАЛЬНОГО РАЙОНА РЕСПУБЛИКИ МОРДОВИЯ НА 2021 ГОД
D4: (тыс. рублей)
A5: Код | B5: НАИМЕНОВАНИЕ | C5: План 2021 год | D5: Исполнение 2021 год
A6: 1 | B6: 2 | C6: 3 | D6: 4
A7: 000 01 00 00 00 00 0000 000 | B7: ИСТОЧНИКИ ВНУТРЕННЕГО ФИНАНСИРОВАНИЯ ДЕФИЦИТОВ БЮДЖЕТОВ | C7: =C8+C11+C15 -> 0.032 | D7: =D8+D11+D15 -> -12.7
A8: 000 01 02 00 00 00 0000 000 | B8: Кредиты кредитных организаций в валюте Российской Федерации | C8: =SUM(C9) -> 15 | D8: =SUM(D9) -> 0
A9: 000 01 02 00 00 00 0000 700 | B9: Получение кредитов от кредитных организаций в валюте Российской Федерации | C9: =SUM(C10) -> 15 | D9: =SUM(D10) -> 0
A10: 000 01 02 00 00 10 0000 710 | B10: Получение кредитов от кредитных организаций бюджетами поселений в валюте Российской Федерации | C10: 15 | D10: 0
A11: 000 01 03 00 00 00 0000 000 | B11: Бюджетные кредиты от других бюджетов бюджетной системы Российской Федерации | C11: =C12 -> -15 | D11: =D12 -> 0
A12: 000 01 03 01 00 00 0000 000 | B12: Бюджетные кредиты от других бюджетов бюджетной системы Российской Федерации в валюте Российской Федерации | C12: =C13 -> -15 | D12: =D13 -> 0
A13: 000 01 03 01 00 10 0000 800 | B13: Погашение бюджетных кредитов, полученных от других бюджетов бюджетной системы Российской Федерации в валюте Российской Федерации | C13: =SUM(C14) -> -15 | D13: =SUM(D14) -> 0
A14: 000 01 03 01 00 10 0000 810 | B14: Погашение бюджетами сельских поселений кредитов от других бюджетов бюджетной системы Российской Федерации в валюте Российской Федерации | C14: -15 | D14: 0
A15: 000 01 05 00 00 00 0000 000 | B15: Изменения остатков средств на счетах по учету средств бюджетов | C15: =C18+C19 -> 0.032 | D15: =D18+D19 -> -12.7
A16: 000 01 05 02 00 00 0000 500 | B16: Увеличение прочих остатков средств бюджетов | C16: =SUM(C17) -> -1504.88 | D16: =SUM(D17) -> -1345.9
A17: 000 01 05 02 01 00 0000 510 | B17: Увеличение прочих остатков денежных средств бюджетов | C17: =SUM(C18) -> -1504.88 | D17: =SUM(D18) -> -1345.9
A18: 000 01 05 02 01 10 0000 510 | B18: Увеличение прочих остатков денежных средств бюджетов сельских поселений | C18: =-'Прил 1'!C8-C10 -> -1504.88 | D18: -1345.9
A19: 000 01 05 02 00 00 0000 600 | B19: Уменьшение прочих остатков средств бюджетов | C19: =SUM(C20) -> 1504.912 | D19: =SUM(D20) -> 1333.2
A20: 000 01 05 02 01 00 0000 610 | B20: Уменьшение прочих остатков денежных средств бюджетов | C20: =SUM(C21) -> 1504.912 | D20: =SUM(D21) -> 1333.2
A21: 000 01 05 02 01 10 0000 610 | B21: Уменьшение прочих остатков денежных средств бюджетов сельских поселений | C21: ='Прил 2 '!I7-C14 -> 1504.912 | D21: 1333.2
